 Dungeon Sprint DCSS version 0.19.0-2-gae57169 (webtiles) character file.

420 LORDOFBUTT the Fighter (level 6, -2/68 HPs)
             Began as a Minotaur Berserker on Nov 4, 2016.
             Was a Believer of Trog.
             Slain by a deep troll (20 damage)
             ... in the Dungeon (Sprint I: "Red Sonja").
             The game lasted 00:01:26 (665 turns).

LORDOFBUTT the Fighter (Minotaur Berserker)          Turns: 665, Time: 00:01:27

Health: -2/68      AC:  2    Str: 22    XL:     6   Next: 62%
Magic:  5/5        EV: 14    Int:  4    God:    Trog [**....]
Gold:   405        SH:  0    Dex: 11    Spells: 0 memorised, 5 levels left

rFire  . . .     SeeInvis .     a - +0 hand axe
rCold  . . .     Gourm    .     b - +0 animal skin
rNeg   . . .     Faith    .     (no shield)
rPois  .         Spirit   .     (helmet restricted)
rElec  .         Reflect  .     (no cloak)
rCorr  .         Harm     .     (no gloves)
MR     .....     NoTele   +     (no boots)
Stlth  +.........               (no amulet)
                                (no ring)
                                (no ring)

@: no status effects
A: retaliatory headbutt, horns 2
a: Berserk, Trog's Hand, Burn Spellbooks, Renounce Religion


You were in the Dungeon.
You worshipped Trog.
Trog was pleased with you.
You were very hungry.

You visited 1 branch You collected 405 gold pieces.

Inventory:

Hand Weapons
 a - a +0 hand axe (weapon)
Armour
 b - a +0 animal skin (worn)
Scrolls
 i - a scroll of blinking
 j - a scroll of identify {unknown}
Potions
 e - a potion of heal wounds
 f - a potion of haste
 g - 2 potions of magic
 h - a potion of berserk rage
Comestibles
 c - a bread ration
 k - a meat ration


   Skills:
 + Level 11.2 Fighting
 + Level 11.0 Axes
 + Level 5.7 Armour
 + Level 5.9 Dodging


You had 5 spell levels left.
You didn't know any spells.

Dungeon Overview and Level Annotations

Branches:
Dungeon (1/1)

Altars:
Cheibriados
Dithmenos
Elyvilon
Fedhas
Gozag
Hepliaklqana
Kikubaaqudgha
Nemelex Xobeh
Okawaru
Qazlal
Ru
Sif Muna
Trog
Uskayaw
Vehumet
Yredelemnul
Zin
The Shining One

Shops:
D !

Annotations:
D Sonja


Innate Abilities, Weirdness & Mutations

You reflexively headbutt those who attack you in melee.
You have a pair of horns on your head.


Message History

You now have 405 gold pieces (gained 27).
You open the door.
A deep troll comes into view.
The deep troll shouts!
Found 108 gold pieces.
You close the door.
A deep troll opens the door.
There is an open door here.
You see here 2 curare-tipped needles.
You close the door.
A deep troll opens the door.
You start eating the meat ration.
Keep eating?
You continue eating.
The deep troll barely misses you. The deep troll claws you.
The deep troll claws you!!
You continue eating.
The deep troll bites you!! The deep troll claws you.
* * * LOW HITPOINT WARNING * * *
The deep troll claws you!!
You die...

################
#<.#..').#..'..#
#..'÷.#..').#..+
#..#####'#####'#
#..####..#...#.#
#..#__####..##.#
#..#_____##'#..+
#⌠⌠#_.∩...÷.(._#
####_..__##_@#'#
#_____###T#[#
#########.####+###
+...'$$.$$+
#.(.####### ##.##
#+#


You could see a deep troll.

Vanquished Creatures
  Sigmund (D)
  A yak (D)
  An ogre (D)
  A jelly (D)
  Ijyb (D)
5 creatures vanquished.

Notes
Turn   | Place    | Note
-------+----------+-------------------------------------------
     0 | D        | LORDOFBUTT the Minotaur Berserker began the quest for the Orb.
     0 | D        | Reached XP level 1. HP: 19/19 MP: 0/0
     1 | D        | Noticed Ijyb
    12 | D        | Killed Ijyb
    12 | D        | Reached skill level 5 in Fighting
    12 | D        | Reached skill level 5 in Axes
    12 | D        | Reached XP level 2. HP: 17/29 MP: 1/1
   137 | D        | Noticed an ogre
   144 | D        | Killed an ogre
   144 | D        | Reached XP level 3. HP: 31/40 MP: 2/2
   144 | D        | Reached XP level 4. HP: 37/48 MP: 3/3
   210 | D        | Noticed Sigmund
   237 | D        | Killed Sigmund
   237 | D        | Reached ** piety under Trog
   237 | D        | Reached skill level 5 in Armour
   237 | D        | Reached skill level 5 in Dodging
   237 | D        | Reached XP level 5. HP: 36/58 MP: 4/4
   364 | D        | Found a deep blue altar of Sif Muna.
   366 | D        | Found a radiant altar of Vehumet.
   370 | D        | Reached skill level 10 in Fighting
   370 | D        | Reached skill level 10 in Axes
   370 | D        | Reached XP level 6. HP: 52/66 MP: 5/5
   396 | D        | Found Igesk's Distillery.
   396 | D        | Found an ancient bone altar of Kikubaaqudgha.
   396 | D        | Found a hazy altar of Hepliaklqana.
   396 | D        | Found a stormy altar of Qazlal.
   396 | D        | Found a hide-covered altar of Uskayaw.
   396 | D        | Found a blossoming altar of Fedhas.
   396 | D        | Found a bloodstained altar of Trog.
   396 | D        | Found an iron altar of Okawaru.
   396 | D        | Found a basalt altar of Yredelemnul.
   396 | D        | Found a glowing golden altar of the Shining One.
   396 | D        | Found a snail-covered altar of Cheibriados.
   396 | D        | Found a sacrificial altar of Ru.
   396 | D        | Found a glowing silver altar of Zin.
   396 | D        | Found a shadowy altar of Dithmenos.
   396 | D        | Found a white marble altar of Elyvilon.
   396 | D        | Noticed a yak
   401 | D        | Killed a yak
   402 | D        | Found an opulent altar of Gozag.
   403 | D        | Found a sparkling altar of Nemelex Xobeh.
   458 | D        | Noticed Sonja
   656 | D        | Noticed a deep troll
   665 | D        | Slain by a deep troll

Skill      XL: |  1  2  3  4  5  6 |
---------------+-------------------+-----
Fighting       | 5 7 9 10 11 | 11.2
Axes           | 5 7 9 10 11 | 11.0
Armour         | 3 4 5 |  5.7
Dodging        | 3 5 |  5.9

Action                   |  1- 3 |  4- 6 || total
-------------------------+-------+-------++-------
Melee: Hand axe          |    16 |    19 ||    35
       Headbutt          |     3 |     3 ||     6
Invok: Berserk           |       |     2 ||     2
       Trog's Hand       |       |     1 ||     1
  Use: Potion            |       |     1 ||     1
Armor: Animal skin       |     1 |       ||     1
Dodge: Dodged            |     7 |    25 ||    32
